 Dungeon Crawl Stone Soup version 0.26-a0-1025-g006ef2cfcc (webtiles) character file.

Game seed: 13524375553620843805

2515 EnegeticOcto the Archer (level 9, -13/41 (44) HPs)
             Began as a Spriggan Hunter on Dec 9, 2020.
             Was an Initiate of Okawaru.
             Killed by divine providence
             ... invoked by an orc priest
              (17 damage)
             ... on level 6 of the Dungeon.
             The game lasted 00:23:42 (9915 turns).

EnegeticOcto the Archer (Spriggan Hunter)           Turns: 9915, Time: 00:23:42

HP:   -13/41 (44)   AC: 12    Str: 11    XL:     9   Next: 29%
MP:   13/13         EV: 28    Int: 12    God:    Okawaru [......]
Gold: 284           SH:  0    Dex: 17    Spells: 8/8 levels left

rFire    . . .     SeeInvis +   b - +2 flail (protect)
rCold    . . .     Faith    .   (shield restricted)
rNeg     . . .     Spirit   .   c - +0 robe
rPois    +         Reflect  .   (helmet restricted)
rElec    .         Harm     .   o - +2 cloak
rCorr    .         Rampage  .   (gloves unavailable)
Will     +....                  (boots unavailable)
Stlth    ++++......             (no amulet)
HPRegen  0.13/turn              C - +4 ring of evasion
MPRegen  0.13/turn              m - ring of poison resistance

@: protection aura, very quick
A: very small, unfitting armour, see invisible, speed 3
a: Renounce Religion


You were on level 6 of the Dungeon.
You worshipped Okawaru.
Okawaru was noncommittal.
You visited 2 branches of the dungeon, and saw 8 of its levels.
You also visited: Ossuary.

You collected 284 gold pieces.

Inventory:

Hand Weapons
 a - a +1 shortbow
 b - a +2 flail of protection (weapon)
   (You took it off a gnoll on level 3 of the Dungeon)
 d - a +1 war axe of freezing
   (You took it off a gnoll sergeant on level 3 of the Dungeon)
 g - a +0 short sword
 u - a +2 spear of flaming
   (You took it off a gnoll on level 3 of the Dungeon)
 z - a +0 quarterstaff
   (You found it on level 5 of the Dungeon)
Missiles
 k - 8 poisoned darts (quivered)
 s - 35 arrows
Armour
 c - a +0 robe (worn)
 o - a +2 cloak (worn)
   (You found it on level 3 of the Dungeon)
Jewellery
 l - an uncursed ring of wizardry
   (You found it on level 2 of the Dungeon)
 m - a ring of poison resistance (right hand)
   (You found it on level 2 of the Dungeon)
 C - a +4 ring of evasion (left hand)
   (You found it on level 6 of the Dungeon)
Wands
 y - a wand of flame (2) {@v4}
   (You took it off Ijyb on level 3 of the Dungeon)
Scrolls
 t - a scroll of teleportation {@r3 !r}
 v - a scroll of remove curse {@r2}
 w - a scroll of magic mapping {@r5 !r}
 D - 3 scrolls of blinking {@r4}
Potions
 e - 2 potions of haste {@q4 !q}
 f - 7 potions of flight
 h - a potion of might {@q3 !q}
 i - 6 potions of heal wounds {@q2 !q}
 j - a potion of lignification {@q6}
 n - 8 potions of curing {@q1 !q}
 p - 3 potions of invisibility
 q - 4 potions of degeneration {unknown}
 r - 2 potions of mutation {unknown}
 x - 2 potions of magic {unknown}
 A - a potion of brilliance {unknown}
 B - a potion of ambrosia {unknown}


   Skills:
 - Level 3.2 Fighting
 - Level 2.0(2.4) Maces & Flails
 - Level 2.0(2.5) Staves
 + Level 9.2 Bows
 + Level 8.5 Dodging
 - Level 8.1 Stealth
 - Level 5.0 Invocations


You had 8 spell levels left.
You didn't know any spells.
Your spell library was empty.

Dungeon Overview and Level Annotations

Branches:
Dungeon (7/15)             Temple (1/1) D:6         Ossuary (visited)

Altars:
Ashenzari
Cheibriados
Dithmenos
Elyvilon
Fedhas
Gozag
Hepliaklqana
Kikubaaqudgha
Makhleb
Nemelex Xobeh
Okawaru
Qazlal
Ru
Sif Muna
Trog
Uskayaw
Vehumet
Wu Jian
Yredelemnul
Zin
The Shining One

Shops:
D:5 :

Annotations:
D:6 Prince Ribbit


Innate Abilities, Weirdness & Mutations

You are very small and have problems with some larger weapons.
You are too small for most types of armour.
You have supernaturally acute eyesight. (SInv)
You cover ground extremely quickly.


Message History

D - 4 scrolls labelled KONI FUVVORIN (gained 3)
Found a rapier.
There is a stone staircase leading up here.
Blink to where?
Press: ? - help, Dir - move target, f - you Are you sure you want to cancel this blink?
Okay, then.
As you read the scroll labelled KONI FUVVORIN, it crumbles to dust.
It was a scroll of blinking.
An orc priest comes into view. It is wielding a +0 hand axe.
Okay, then.
Unknown command.
Your +2 flail of protection goes still.
a - a +1 shortbow (weapon)
You shoot an arrow. The orc priest shouts!
The arrow hits the orc priest!
The orc priest is heavily wounded.
You hear a shout! x4
You shoot an arrow. The arrow barely misses the orc priest.
You shoot an arrow.
The arrow hits the orc priest but does no damage.
The orc priest is heavily wounded.
An orc priest comes into view. It is wielding a +0 flail.
You shoot an arrow. The arrow hits the orc priest.
The orc priest is severely wounded.
You shoot an arrow.
The arrow closely misses the orc priest.
The arrow hits the orc priest but does no damage.
You shoot an arrow. The arrow hits the orc priest.
The orc priest is almost dead.
An orc comes into view. It is wielding a +0 whip.
The orc priest casts a cantrip, but nothing happens.
You shoot an arrow.
The arrow closely misses the orc priest.
The arrow hits the orc priest!
The orc priest is heavily wounded.
Your +2 flail of protection hums with potential!
b - a +2 flail of protection (weapon)
The orc priest invokes the aid of Beogh against you.
Beogh smites you!
You barely miss the orc priest.
The orc priest is almost dead.
The orc priest calls upon Beogh to heal the orc priest.
The orc priest is healed somewhat.
An orc wizard comes into view. It is wielding a +0 dagger.
The orc priest mumbles some strange prayers to Beogh against you.
You resist with some effort.
The orc wizard shouts!
You hear a shout!
You barely miss the orc priest.
The orc priest is heavily wounded.
You hear a shout!
The orc wizard gestures wildly while chanting.
The orc wizard blinks!
The orc priest completely misses you.
An orc comes into view. It is wielding a +0 short sword.
The orc priest misses you.
You climb upwards.
Level annotation: Prince Ribbit
There is a stone staircase leading down here.
You closely miss the orc priest.
The orc priest is heavily wounded.
The orc priest misses you. x2
You hit the orc priest but do no damage.
Your weapon exudes an aura of protection.
The orc priest is heavily wounded.
The orc priest misses you.
You closely miss the orc priest.
The orc priest is moderately wounded.
The orc priest hits you with a +0 hand axe.
You hit the orc priest.
The orc priest is heavily wounded.
The orc priest hits you with a +0 hand axe.
You are too injured to fight recklessly!
You are too injured to fight recklessly!
You are too injured to fight recklessly!
You are too injured to fight recklessly!
You are too injured to fight recklessly!
You are too injured to fight recklessly!
You are too injured to fight recklessly!
You are too injured to fight recklessly!
You are too injured to fight recklessly!
You are too injured to fight recklessly!
You are too injured to fight recklessly!
You are too injured to fight recklessly!
You are too injured to fight recklessly!
You hit the orc priest.
The orc priest is almost dead.
The orc priest invokes the aid of Beogh against you.
Beogh smites you!
You hit the orc priest but do no damage.
The orc priest is almost dead.
The orc priest hits you but does no damage.
The orc priest calls down the wrath of Beogh upon you.
Beogh smites you!
* * * LOW HITPOINT WARNING * * *
You completely miss the orc priest.
The orc priest is almost dead.
The orc priest invokes the aid of Beogh against you.
Beogh smites you!
You die...

........### ##..### #..# ##
..........###..## ##.## ####.
.............### #..#####....
............## ##.#........
..........######## #..........
..........####...#### ##.........
............#.......####.........
.................o....###........
................@......##........
........................#........
###..#######...............#.....
#..# ##..............###...
###..# ##..........<...#####
..#..# ##.............#####
.....# #..............#... .....#
##........##....... .....#
##.....<.####.####


You could see an orc priest.

Vanquished Creatures
  The ghost of thewurscht the Cudgeller, an amateur GrBe of Trog (D:6)
  Sigmund (D:4)
  Eustachio (D:4)
  Edmund (D:4)
  3 ice beasts
  An orc warrior (D:5)
  A sky beast (D:5)
  An ogre (D:5)
  A necrophage (D:5)
  A bullfrog (D:6)
  A gnoll sergeant (D:3)
  A hound (D:3)
  A jelly (D:4)
  4 orc priests
  2 bullfrog skeletons
  A gnoll shaman (D:3)
  Ijyb (D:3)
  4 worker ants (D:4)
  Natasha (D:3)
  2 orc wizards (D:5)
  A hound skeleton (D:6)
  6 mummies (Ossuary)
  7 adders
  42 gnolls
  A shadow imp (D:5)
  An ufetubus (D:4)
  An ooze (D:2)
  3 adder skeletons
  4 worms
  A dart slug (D:1)
  3 leopard geckos
  11 orcs
  A ball python (D:2)
  5 giant cockroaches
  4 goblins
  7 hobgoblins
  28 jackals
  2 quokkas
  7 bats
  5 frilled lizards
  A jackal zombie (D:4)
  5 kobolds
  An orc zombie (Ossuary)
  10 rats
187 creatures vanquished.

Vanquished Creatures (others)
  A plant (D:3)
1 creature vanquished.

Grand Total: 188 creatures vanquished

Notes
Turn   | Place    | Note
-------+----------+-------------------------------------------
     0 | D:1      | EnegeticOcto the Spriggan Hunter began the quest for the
                  | Orb.
     0 | D:1      | Reached XP level 1. HP: 10/10 MP: 2/2
    87 | D:1      | Reached skill level 2 in Stealth
    91 | D:1      | Reached skill level 5 in Bows
   107 | D:1      | Reached XP level 2. HP: 14/14 MP: 3/3
   257 | D:1      | Reached skill level 3 in Stealth
   651 | D:1      | Reached XP level 3. HP: 18/18 MP: 4/4
   927 | D:2      | Reached skill level 4 in Stealth
  1280 | D:2      | Found a broken altar of Ashenzari.
  1376 | D:2      | Reached XP level 4. HP: 22/22 MP: 5/5
  1560 | D:2      | Reached skill level 6 in Bows
  1672 | D:2      | Reached skill level 5 in Stealth
  2296 | D:3      | Reached XP level 5. HP: 15/25 MP: 6/6
  2589 | D:3      | Reached skill level 6 in Stealth
  2650 | D:3      | Noticed Ijyb
  2763 | D:3      | Noticed Natasha
  2892 | D:3      | Found a white marble altar of Elyvilon.
  2892 | D:3      | Found a bloodstained altar of Trog.
  2896 | D:3      | Became a worshipper of Elyvilon the Healer
  3069 | D:3      | Found a snail-covered altar of Cheibriados.
  3069 | D:3      | Found a sacrificial altar of Ru.
  3421 | D:4      | Noticed Sigmund
  3716 | D:4      | Found a sand-covered staircase.
  3721 | Ossuary  | Entered an ossuary
  3847 | Ossuary  | Reached XP level 6. HP: 30/30 MP: 7/7
  3901 | Ossuary  | Reached skill level 7 in Bows
  4044 | Ossuary  | Reached skill level 1 in Invocations
  4187 | D:4      | Noticed Eustachio
  4201 | D:4      | Noticed Edmund
  4213 | D:4      | Reached skill level 2 in Fighting
  4336 | D:4      | Killed Sigmund
  4337 | D:4      | Reached skill level 4 in Dodging
  4337 | D:4      | Reached XP level 7. HP: 35/35 MP: 7/9
  4354 | D:4      | Killed Edmund
  4355 | D:4      | Reached skill level 7 in Stealth
  4355 | D:4      | Reached skill level 2 in Invocations
  4370 | D:4      | Killed Eustachio
  4371 | D:4      | Reached skill level 8 in Bows
  4449 | D:4      | Reached * piety under Elyvilon
  4746 | D:5      | Entered Level 5 of the Dungeon
  5527 | D:4      | Reached skill level 5 in Dodging
  5759 | D:5      | Found Maaschuy's Book Boutique.
  5954 | D:3      | Reached XP level 8. HP: 35/39 MP: 11/11
  5984 | D:3      | Reached skill level 3 in Fighting
  6313 | D:3      | Reached skill level 3 in Invocations
  6575 | D:3      | Reached skill level 8 in Stealth
  6932 | D:3      | Killed Natasha
  7133 | D:3      | Reached skill level 1 in Maces & Flails
  7133 | D:3      | Reached skill level 6 in Dodging
  7357 | D:3      | Killed Ijyb
  7801 | D:5      | Reached skill level 2 in Maces & Flails
  7929 | D:5      | Reached skill level 4 in Invocations
  8099 | D:5      | Reached skill level 1 in Staves
  8099 | D:5      | Reached skill level 7 in Dodging
  8371 | D:5      | Reached XP level 9. HP: 44/44 MP: 13/13
  8497 | D:5      | Reached ** piety under Elyvilon
  8643 | D:6      | Noticed Prince Ribbit
  8811 | D:6      | Reached skill level 2 in Staves
  9116 | D:6      | Found a staircase to the Ecumenical Temple.
  9125 | Temple   | Entered the Ecumenical Temple
  9282 | Temple   | Fell from the grace of Elyvilon
  9282 | Temple   | Became a worshipper of Warmaster Okawaru
  9336 | D:6      | Found a runed translucent door.
  9683 | D:6      | Noticed thewurscht's ghost (amateur GrBe)
  9700 | D:6      | Reached skill level 9 in Bows
  9700 | D:6      | Reached skill level 8 in Dodging
  9700 | D:6      | Reached skill level 5 in Invocations
  9717 | D:6      | Killed thewurscht's ghost
  9915 | D:6      | Killed from afar by an orc priest

Illustrated notes

Levels and vault maps discovered:
D:1:      onia_arrival_pyramid, layout_rooms
D:2:      layout_basic, lemuel_crystal_altar
D:3:      lemuel_castle_with_subvaults [lemuel_castle_interior_carwin_3],
          layout_basic, gammafunk_temple_overflow_wave,
          grunt_temple_overflow_open, uniq_natasha, uniq_ijyb
D:4:      layout_loops_ring, enter_ossuary_3, uniq_sigmund, uniq_edmund,
          uniq_eustachio
D:5:      layout_cave_pools, serial_shops, shop
D:6:      layout_cave_pods, minmay_temple_entry_purple_smoke,
          ebering_ghost_sewer_d, grunt_ministairs_14, uniq_prince_ribbit1
D:7:      layout_basic, ebering_ghost_reflecting_pool
Temple:   eino_temple_rhombus

Skill      XL: |  1  2  3  4  5  6  7  8  9 |
---------------+----------------------------+-----
Stealth        | 2 3 4 5 6 7 8 |  8.1
Bows           | 5 6 7 8 9 |  9.2
Invocations    | 1 2 4 5 |  5.0
Fighting       | 2 3 |  3.2
Dodging        | 4 5 7 8 |  8.5
Maces & Flails | 2 |  2.0
Staves         | 1 2 |  2.0

Action                   |  1- 3 |  4- 6 |  7- 9 || total
-------------------------+-------+-------+-------++-------
Melee: Short sword       |    22 |       |    61 ||    83
       Unarmed           |       |     4 |    23 ||    27
       War axe           |       |       |     6 ||     6
       Flail             |       |       |   244 ||   244
 Fire: Shortbow          |   123 |   268 |   204 ||   595
Throw: Dart              |       |       |    32 ||    32
Invok: Lesser Healing    |       |       |    10 ||    10
Evoke: Wand              |       |       |     3 ||     3
  Use: Scroll            |       |     9 |     8 ||    17
       Potion            |       |     1 |     1 ||     2
 Stab: Sleeping          |     1 |       |     3 ||     4
       Distracted        |       |       |     2 ||     2
Armor: Robe              |     5 |    11 |    40 ||    56
       Skin              |       |     3 |    37 ||    40
Dodge: Dodged            |    50 |    75 |   395 ||   520

Table legend: (Time is in decaauts)
 A = Elapsed time spent in this place.
 B = Non-inter-level travel time spent in this place.
 C = Inter-level travel time spent in this place.
 D = Time resting spent in this place.
 E = Time spent auto-exploring this place.
 F = Levels seen in this place.
 G = Mean time per level.
                   A        B        C        D        E       F      G
               +--------+--------+--------+--------+--------+-----+--------+
         Total |   7888 |   7655 |    233 |    716 |   4805 |   9 |  876.4 |
       Dungeon |   7408 |   7191 |    217 |    610 |   4652 |   7 | 1058.3 |
        Temple |    101 |     86 |     15 |      0 |     83 |   1 |  101.0 |
       Ossuary |    378 |    378 |      0 |    106 |     69 |   1 |  378.0 |
               +--------+--------+--------+--------+--------+-----+--------+

Top non-repeatable levels by time:
     D:3: 2688 daAuts
     D:4: 1761 daAuts
     D:6: 892 daAuts
     D:5: 726 daAuts
     D:2: 666 daAuts
     D:1: 655 daAuts
 Ossuary: 378 daAuts
  Temple: 101 daAuts
     D:7: 17 daAuts
